Map: Overgrown Facility

Players

kobe

  • Race: Zerg Zerg
  • Spawn Location: 9:00

Dross

  • Race: Protoss Protoss
  • Spawn Location: 7:00

Ferrari - Winner!

  • Race: Zerg Zerg
  • Spawn Location: 3:00

Adversity - Winner!

  • Race: Terran Terran
  • Spawn Location: 1:00

VOD

Have the link to the VOD?

Description

Time

  • Played on: July 18, 2018, 12:04 p.m.
  • Length: 5:46
Show
View Real Time Build Order
Export as new Build Order

kobe Zerg 

Build Orders: Pool First 

Get SALT Encoding   

  12  0:01  Drone  
  13  0:08  Drone  
  14  0:18  Overlord  
  14  0:25  Drone, Extractor  
  15  0:36  Drone x2  
  17  0:43  Extractor  
  17  0:44  Drone  
  17  0:56  Spawning Pool  
  16  0:58  Drone  
  17  1:10  Drone  
  18  1:33  Hatchery  
  17  1:43  Metabolic Boost  
  17  1:48  Queen  
  19  1:54  Zergling x2  
  19  1:57  Zergling x2  
  19  1:59  Zergling x2  
  22  2:06  Overlord  
  22  2:25  Spine Crawler  
  21  2:30  Zergling x2  
  21  2:35  Queen  
  24  2:37  Overlord  
  24  2:39  Zergling x2  
  25  2:47  Zergling x2  
  25  2:48  Zergling x2  
  27  2:56  Zergling x2  
  28  3:01  Zergling x2  
  28  3:04  Zergling x2  
  30  3:07  Zergling x4  
  30  3:20  Zergling x2  
  30  3:21  Zergling x4  
  31  3:28  Zergling x2  
  31  3:30  Zergling x2  
  33  3:40  Zergling x2  
  30  3:49  Zergling x2  
  29  4:01  Zergling x4  
  31  4:04  Zergling x2  
  31  4:05  Zergling x6  
  31  4:13  Zergling x2  
  29  4:17  Zergling x2  
  29  4:25  Zergling x2  
  29  4:29  Zergling x4  
  30  4:31  Zergling x2  
  30  4:32  Zergling x2  
  21  4:39  Zergling x2  
  21  4:41  Queen  
  21  4:43  Zergling x2  
  24  4:51  Zergling x2  
  13  5:02  Zergling x6  
  13  5:03  Zergling x2  
Show
View Real Time Build Order
Export as new Build Order

Dross Protoss 

Build Orders: Cannon Rush 

Get SALT Encoding   

  12  0:05  Probe  
  13  0:18  Probe  
  14  0:28  Pylon  
  14  0:31  Probe  
  15  0:42  Probe  
  16  0:51  Probe  
  16  0:52  Forge  
  17  1:01  Probe  
  18  1:13  Probe  
  19  1:24  Probe  
  20  1:26  Pylon  
  20  1:32  Probe, Pylon  
  21  1:40  Probe  
  21  1:45  Photon Cannon  
  21  1:46  Photon Cannon  
  22  1:50  Gateway  
  22  1:57  Photon Cannon  
  22  2:07  Photon Cannon  
  21  2:20  Photon Cannon  
  21  2:21  Probe  
  22  2:29  Gateway  
  21  2:34  Probe  
  21  2:35  Zealot  
  22  2:39  Cybernetics Core  
  22  2:41  Assimilator  
  24  2:44  Assimilator  
  24  2:47  Probe  
  25  3:13  Pylon  
  23  3:29  Probe  
  23  3:32  Photon Cannon, Warp Gate  
  23  3:41  Probe  
  24  3:46  Gateway  
  24  3:48  Gateway  
  24  3:51  Pylon  
  24  3:53  Probe  
  24  3:55  Nexus  
  25  4:01  Zealot  
  27  4:16  Probe  
  28  4:23  Pylon  
  28  4:28  Probe  
  29  4:40  Probe  
  29  4:45  Pylon  
  30  4:52  Probe  
  31  5:04  Probe  
  32  5:10  Probe  
  32  5:11  Twilight Council  
  33  5:16  Probe  
  34  5:22  Probe  
  35  5:32  Pylon  
  35  5:34  Stalker  
  35  5:35  Stalker x3  
Show
View Real Time Build Order
Export as new Build Order

Ferrari Zerg - Winner!

Build Orders: Pool First 

Get SALT Encoding   

  12  0:01  Drone  
  13  0:13  Overlord  
  13  0:20  Drone  
  14  0:32  Drone x2  
  16  0:37  Drone, Extractor  
  16  0:50  Spawning Pool  
  16  0:53  Drone  
  16  0:58  Drone  
  17  1:13  Drone  
  18  1:32  Drone  
  19  1:33  Hatchery  
  19  1:39  Metabolic Boost  
  18  1:46  Overlord  
  18  2:11  Zergling x6  
  21  2:31  Zergling x2  
  21  2:34  Hatchery  
  21  2:39  Zergling x2  
  21  2:42  Baneling Nest  
  21  2:46  Drone  
  21  2:47  Zergling x2  
  23  3:01  Zergling x2  
  23  3:02  Zergling x2  
  23  3:04  Spine Crawler  
  24  3:07  Zergling x2  
  25  3:31  Zergling x6  
  28  3:35  Zergling x2  
  28  3:36  Queen, Zergling x2  
  32  3:47  Zergling x6  
  32  3:48  Zergling x2  
  35  4:13  Zergling x12  
  39  4:20  Zergling x2  
  39  4:21  Zergling x4  
  41  4:32  Zergling x2  
  41  4:33  Zergling x4  
  41  4:36  Zergling x2  
  42  4:38  Baneling x2  
  42  4:39  Baneling x2  
  42  4:51  Zergling x2  
  39  5:02  Baneling x3  
  39  5:07  Zergling x6  
  40  5:08  Overlord  
  41  5:17  Overlord  
Show
View Real Time Build Order
Export as new Build Order

Adversity Terran - Winner!

Build Orders:  

Get SALT Encoding   

  12  0:00  SCV  
  13  0:13  SCV  
  14  0:18  Supply Depot  
  14  0:25  SCV  
  15  0:29  Refinery  
  15  0:39  SCV  
  16  0:46  Barracks  
  16  0:51  SCV  
  17  1:04  SCV  
  18  1:13  Barracks  
  18  1:18  SCV  
  19  1:25  Barracks  
  19  1:36  Reaper  
  20  1:44  Orbital Command  
  20  2:01  Bunker  
  20  2:05  Reaper  
  22  2:17  Reaper  
  23  2:23  Supply Depot  
  23  2:35  Supply Depot  
  22  2:46  SCV  
  22  2:48  Refinery  
  23  2:56  Reaper x3  
  26  2:59  Supply Depot  
  26  3:04  SCV  
  26  3:26  SCV  
  26  3:28  Reaper  
  26  3:29  Reaper  
  28  3:41  Reaper  
  28  3:48  SCV  
  30  3:55  Command Center  
  30  4:01  Reaper  
  31  4:05  Reaper  
  31  4:08  SCV  
  33  4:15  Supply Depot  
  33  4:16  Reaper  
  34  4:26  SCV  
  35  4:34  Reaper  
  37  5:10  SCV, Orbital Command  
  39  5:14  Barracks  
  39  5:15  Barracks  
  39  5:18  Barracks Reactor x2, Barracks Tech Lab  
  36  5:28  SCV  
Tags
 
Add a new tag
Caveats
  • Supply blocks, unpowered buildings, or Contaminate may cause inaccurate times.
  • Supply counts are checked every 10 seconds.